 Dungeon Crawl Stone Soup version 0.27-a0-1193-g8631133539 (webtiles) character file.

Game seed: 5175730581804318911

308 Kold the Slasher (level 6, -3/48 HPs)
             Began as a Formicid Fighter on May 25, 2021.
             Slain by an orc warrior
             ... wielding a +0 trident
              (8 damage)
             ... on level 4 of the Dungeon.
             The game lasted 00:06:47 (4045 turns).

Kold the Slasher (Formicid Fighter)                 Turns: 4045, Time: 00:06:48

Health: -3/48      AC: 11    Str: 21 (22) XL:     6   Next: 68%
Magic:  6/6        EV:  9    Int:  6 (8)  God:
Gold:   148        SH:  9    Dex:  8 (10) Spells: 5/5 levels left

rFire    . . .     SeeInvis +   p - +2 dagger (freeze)
rCold    . . .     Faith    .   c - +0 kite shield
rNeg     . . .     Spirit   .   b - quicksilver dragon scales
rPois    .         Reflect  .   (helmet unavailable)
rElec    .         Harm     .   (no cloak)
rCorr    .         Rampage  .   o - +0 pair of gloves
Will     +....                  (no boots)
Stlth    ..........             (no amulet)
HPRegen  0.16/turn              (no ring)
MPRegen  0.10/turn              (no ring)

@: attractive
A: permanent stasis, dig shafts and tunnels, antennae 3, four strong arms
a: Dig, Shaft Self


You were on level 4 of the Dungeon.
You visited 1 branch of the dungeon, and saw 4 of its levels.

You collected 148 gold pieces.

Inventory:

Hand Weapons
 a - a +0 long sword
 i - a +0 short sword of electrocution
 p - a +2 dagger of freezing (weapon)
Missiles
 v - 3 atropa-tipped darts (quivered)
Armour
 b - quicksilver dragon scales (worn)
 c - a +0 kite shield (worn)
 o - a +0 pair of gloves (worn)
 u - a +3 ring mail of cold resistance
Jewellery
 t - a ring of poison resistance
Scrolls
 d - a scroll of vulnerability {unknown}
 e - a scroll of holy word {unknown}
 g - a scroll of fog {unknown}
 j - 4 scrolls of identify {unknown}
 l - 2 scrolls of teleportation {unknown}
 m - a scroll of amnesia {unknown}
 s - a scroll of brand weapon {unknown}
 x - a scroll of enchant weapon {unknown}
Potions
 n - a potion of curing
 r - a potion of attraction


   Skills:
 + Level 3.8 Fighting
 * Level 5.6 Long Blades
 - Level 3.2 Armour
 - Level 5.0 Shields


You had 5 spell levels left.
You didn't know any spells.
Your spell library contained the following spells:

 Spells                   Type           Power      Damage    Failure   Level
 Corona                   Hex            0%         N/A       88%         1
 Magic Dart               Conj           0%         1d3       88%         1
 Call Imp                 Summ           0%         N/A       96%         2
 Ensorcelled Hibernation  Hex/Ice        0%         N/A       96%         2
 Slow                     Hex            0%         N/A       96%         2
 Confusing Touch          Hex            0%         N/A       99%         3
 Conjure Flame            Conj/Fire      0%         6-21      99%         3
 Dazzling Flash           Conj/Hex       0%         N/A       99%         3
 Mephitic Cloud           Conj/Pois/Air  0%         N/A       99%         3
 Tukima's Dance           Hex            0%         N/A       99%         3
 Blink                    Tloc           Unusable   N/A       N/A         2

Dungeon Overview and Level Annotations

Branches:
Dungeon (4/15)
 Temple: D:4-7

Altars:
The Shining One

Annotations:
D:4 Dowan, Duvessa


Innate Abilities, Weirdness & Mutations

You cannot be hasted, slowed, berserked, paralysed or teleported.
You can dig through walls and to a lower floor.
You have a pair of large antennae on your head. (SInv)
Your four strong arms can wield two-handed weapons with a shield.


Message History

The orc wizard gestures at you while chanting.
The puff of flame hits you! The orc warrior completely misses you.
You closely miss the orc warrior.
The orc warrior is heavily wounded.
The orc wizard hits you but does no damage.
The orc warrior hits you with a +0 trident!
* * * LOW HITPOINT WARNING * * *
You barely miss the orc warrior.
The orc warrior is heavily wounded.
The orc wizard casts a spell at you. You resist with almost no effort.
The orc warrior hits you but does no damage.
You hit the orc warrior but do no damage.
The orc warrior is heavily wounded.
The orc wizard hits you but does no damage.
The orc warrior hits you with a +0 trident.
* * * LOW HITPOINT WARNING * * *
It was a potion of degeneration.
There was something very wrong with that liquid.
You feel weakened.
You feel dopey.
You feel clumsy. The orc wizard barely misses you.
You block the orc warrior's attack.
It was a potion of attraction.
You feel attractive to monsters.
The orc wizard hits you but does no damage.
The orc warrior hits you with a +0 trident!
* * * LOW HITPOINT WARNING * * *
It was a potion of lignification.
You turn into a tree.
Your +0 pair of gloves melds into your body.
Your quicksilver dragon scales melds into your body.
Your roots penetrate the ground.
The orc wizard completely misses you. You block the orc warrior's attack.
It was a potion of cancellation.
Your magical effects are unravelling.
You feel magically purged.
You feel less wooden.
Your +0 pair of gloves unmelds from your body.
Your quicksilver dragon scales unmelds from your body.
The orc wizard barely misses you.
The orc warrior hits you with a +0 trident!
You die...

........##......#
.........##.....####
......#.....#......#
......###....#.....#
#.#................#
###...###......##.###
.### ##.....#....##
#.(#.........##
...#...(@.....######
.......o.o......#..##
....(..............#
...................#
..................#
..................#
.(..$.#...#.......#
..##........#...<...#
....##...#......[...##


You could see an orc warrior and an orc wizard.

Vanquished Creatures
  An ogre (D:2)
  A scorpion (D:3)
  Ijyb (D:3)
  Robin (D:2)
  3 gnolls (D:3)
  3 adders (D:2)
  6 orcs
  4 bats (D:1)
  4 endoplasms
  A giant cockroach (D:1)
  15 goblins
  2 hobgoblins
  10 jackals
  A quokka (D:1)
  4 ball pythons
  A frilled lizard (D:3)
  5 kobolds
63 creatures vanquished.

Notes
Turn   | Place    | Note
-------+----------+-------------------------------------------
     0 | D:1      | Kold the Formicid Fighter began the quest for the Orb.
     0 | D:1      | Reached XP level 1. HP: 18/18 MP: 1/1
   158 | D:1      | Reached XP level 2. HP: 24/24 MP: 2/2
   435 | D:1      | Found a faded altar of an unknown god.
   465 | D:1      | Reached XP level 3. HP: 28/29 MP: 3/3
   991 | D:2      | Noticed an ogre
   998 | D:2      | Killed an ogre
   999 | D:2      | Reached XP level 4. HP: 35/35 MP: 4/4
   999 | D:2      | Reached XP level 5. HP: 41/41 MP: 5/5
  2130 | D:3      | Noticed Robin
  2138 | D:2      | Killed Robin
  2139 | D:2      | Reached skill level 5 in Shields
  2397 | D:3      | Found a glowing golden altar of the Shining One.
  2485 | D:3      | Noticed Ijyb
  2544 | D:3      | Killed Ijyb
  2545 | D:3      | Reached skill level 5 in Long Blades
  2545 | D:3      | Reached XP level 6. HP: 34/47 MP: 6/6
  3618 | D:4      | Noticed an orc warrior
  3620 | D:4      | Noticed Duvessa
  3620 | D:4      | Noticed Dowan
  4045 | D:4      | Slain by an orc warrior

Illustrated notes

Levels and vault maps discovered:
D:1:      wander_arrival_lonely_grave, layout_loops_ring,
          chequers_ecumenical_altar_simple, minmay_misc_feat_hallway
D:2:      layout_basic
D:3:      layout_rooms, lemuel_tele_altar, uniq_ijyb, uniq_robin
D:4:      minmay_evil_eye, layout_cave_pools, lemuel_doored_altar, uniq_duvessa

Skill      XL: |  1  2  3  4  5 |
---------------+----------------+-----
Shields        | 4 5 |  5.0
Long Blades    | 4 5 |  5.6
Fighting       | |  3.8
Armour         | |  3.2

Action                   |  1- 3 |  4- 6 || total
-------------------------+-------+-------++-------
Melee: Long sword        |    38 |       ||    38
       Short sword       |     6 |    37 ||    43
       Dagger            |       |   206 ||   206
Throw: Dart              |       |     5 ||     5
  Use: Potion            |     1 |     7 ||     8
 Stab: Invisible         |       |     1 ||     1
Armor: Scale mail        |    27 |    48 ||    75
       Quicksilver drago |       |    27 ||    27
       Ring mail         |       |    14 ||    14
Dodge: Dodged            |    10 |    61 ||    71
Block: Kite shield       |    23 |   139 ||   162
       Rpst.: Long sword |     1 |       ||     1

Table legend: (Time is in decaauts)
 A = Elapsed time spent in this place.
 B = Non-inter-level travel time spent in this place.
 C = Inter-level travel time spent in this place.
 D = Time resting spent in this place.
 E = Time spent auto-exploring this place.
 F = Levels seen in this place.
 G = Mean time per level.
                   A        B        C        D        E       F      G
               +--------+--------+--------+--------+--------+-----+--------+
         Total |   4069 |   3918 |    151 |   1453 |   1797 |   4 | 1017.2 |
       Dungeon |   4069 |   3918 |    151 |   1453 |   1797 |   4 | 1017.2 |
               +--------+--------+--------+--------+--------+-----+--------+

Top non-repeatable levels by time:
     D:3: 1501 daAuts
     D:2: 1370 daAuts
     D:1: 956 daAuts
     D:4: 240 daAuts
